 Dungeon Crawl Stone Soup version 0.30-a0-166-g5d06c95188 (webtiles) character file.

Game seed: 14111589498029330611

25 Malachi the Ducker (level 2, -1/14 HPs)
             Began as a Felid Monk on Sept 29, 2022.
             Slain by Jessica
             ... wielding a +0 club
              (6 damage)
             ... on level 2 of the Dungeon.
             The game lasted 00:00:47 (1416 turns).

Malachi the Ducker (Felid Monk)                     Turns: 1416, Time: 00:00:48

Health: -1/14      AC:  1    Str:  7    XL:     2   Next: 82%
Magic:  3/3        EV: 19    Int: 11    God:
Gold:   92         SH:  0    Dex: 18    Spells: 1/1 levels left
                                        Lives:  0   Deaths: 0

rFire   . . .      SeeInvis +      - Unarmed
rCold   . . .      Faith    .    (shield unavailable)
rNeg    . . .      Spirit   .    (body armour unavailable)
rPois   .          Reflect  .    (helmet unavailable)
rElec   .          Harm     .    (cloak unavailable)
rCorr   .          Rampage  .    (gloves unavailable)
Will    .....                    (boots unavailable)
Stlth   +++.......               (no amulet)
HPRegen 0.04/turn                (no ring)
MPRegen 0.08/turn                (no ring)

@: quick
A: very small, claws 1, fangs 3, see invisible, speed 1, shaggy fur 1, stealthy
paws, no weapons or thrown items, no armour, multi-lived
a: no special abilities


You were on level 2 of the Dungeon.
You visited 1 branch of the dungeon, and saw 2 of its levels.

You collected 92 gold pieces.

Inventory:

Scrolls
 b - a scroll of amnesia {unknown}
 c - 4 scrolls of identify {unknown}
 g - a scroll of enchant weapon {unknown}
 h - a scroll of immolation {unknown}
 i - 2 scrolls of magic mapping {unknown}
Potions
 a - a potion of ambrosia
 d - 2 potions of curing {unknown}
 e - a potion of attraction {unknown}
 f - a potion of heal wounds {unknown}
 j - a potion of degeneration {unknown}


   Skills:
 + Level 3.3 Fighting
 + Level 4.4 Dodging
 + Level 3.3 Stealth
 + Level 3.2 Unarmed Combat


You had one spell level left.
You didn't know any spells.
Your spell library was empty.

Dungeon Overview and Level Annotations

Branches:
Dungeon (2/15)

Altars:
Sif Muna

Annotations:
D:2 Jessica


Innate Abilities, Weirdness & Mutations

You have sharp claws.
You have razor-sharp teeth.
You have supernaturally acute eyesight. (SInv)
You cover ground quickly. (Speed+)
You are covered in fur. (AC +1)
Your paws help you pounce on unaware monsters.
You are incapable of wielding weapons or throwing items.
You cannot wear armour.
You gain extra lives every three experience levels.


Message History

The hobgoblin is severely wounded.
The hobgoblin closely misses you. Jessica casts a spell at you.
You barely resist. You closely miss the hobgoblin.
The hobgoblin is severely wounded.
The hobgoblin closely misses you.
You claw the hobgoblin!
You kill the hobgoblin!
You closely miss Jessica. Jessica completely misses you.
You scratch Jessica.
Jessica is moderately wounded.
Jessica hits you with a +0 club.
You scratch Jessica but do no damage.
Jessica is moderately wounded.
Jessica casts a spell.
Jessica blinks!
You see here a hobgoblin corpse.
Jessica casts a spell.
Jessica seems to speed up.
Jessica is nearby!
Jessica is nearby!
Jessica hits you with a +0 club. x2
You are too injured to fight recklessly!
You are too injured to fight recklessly!
You are too injured to fight recklessly!
You are too injured to fight recklessly!
You scratch Jessica.
Jessica is severely wounded.
Jessica hits you with a +0 club.
You completely miss Jessica.
Jessica is severely wounded.
Jessica misses you.
You scratch Jessica but do no damage.
Jessica is severely wounded.
Jessica closely misses you. Jessica misses you.
You scratch Jessica but do no damage.
Jessica is severely wounded.
Jessica hits you with a +0 club.
You die...

#.#### ##..## #.##.#
....# #.#... #...#
#..... #...# ##.....
#...# #......
########...########.....
.....$..........####....
......@@..†.......##....
................#.##.#..
..######...######.##.#..
#...# #.##.... #...#
#.####.. #...# #.# #..
#...# #.####.† ##.##
#.#..... #.......


You could see Jessica (fast).

Vanquished Creatures
  A dart slug (D:2)
  2 endoplasms (D:1)
  A giant cockroach (D:1)
  2 goblins (D:1)
  3 hobgoblins
  3 jackals (D:1)
  A kobold (D:1)
  2 quokkas (D:1)
  A ball python (D:1)
  3 rats (D:1)
19 creatures vanquished.

Notes
Turn   | Place    | Note
-------+----------+-------------------------------------------
     0 | D:1      | Malachi the Felid Monk began the quest for the Orb.
     0 | D:1      | Reached XP level 1. HP: 10/10 MP: 2/2
   237 | D:1      | Reached XP level 2. HP: 14/14 MP: 3/3
   439 | D:1      | Found a faded altar of an unknown god.
  1334 | D:2      | Found a shimmering blue altar of Sif Muna.
  1401 | D:2      | Noticed Jessica
  1416 | D:2      | Slain by Jessica

Illustrated notes

Levels and vault maps discovered:
D:1:      lightli_arrival_statue_moat, layout_basic,
          hellmonk_ecumenical_altar_defaced_shrine, serial_rivers,
          chequers_serial_rivers_large_a, chequers_serial_rivers_micro_a,
          chequers_serial_rivers_small_3, chequers_serial_rivers_marsh,
          chequers_serial_rivers_micro_a, chequers_serial_rivers_room_b
D:2:      layout_loops_cross, basic_altar, st_stairs_7, uniq_jessica

Skill      XL: |  1 |
---------------+----+-----
Stealth        | 3 |  3.3
Fighting       | |  3.3
Dodging        | |  4.4
Unarmed Combat | |  3.2

Action                   || total
-------------------------++-------
Melee: Unarmed           ||    45
       Bite              ||     6
       Punch             ||     1
 Stab: Sleeping          ||     7
Armor: Skin              ||     1
Dodge: Dodged            ||    22

Table legend: (Time is in decaauts)
 A = Elapsed time spent in this place.
 B = Non-inter-level travel time spent in this place.
 C = Inter-level travel time spent in this place.
 D = Time resting spent in this place.
 E = Time spent auto-exploring this place.
 F = Levels seen in this place.
 G = Mean time per level.
                   A        B        C        D        E       F      G
               +--------+--------+--------+--------+--------+-----+--------+
         Total |   1238 |   1193 |     45 |    272 |    788 |   2 |  619.0 |
       Dungeon |   1238 |   1193 |     45 |    272 |    788 |   2 |  619.0 |
               +--------+--------+--------+--------+--------+-----+--------+

Top non-repeatable levels by time:
     D:1: 1092 daAuts
     D:2: 145 daAuts
